Map: New Repugnancy LE

Players

Mez

  • Race: Terran Terran
  • League: Master
  • Spawn Location: 1:00

TestingAcc - Winner!

  • Race: Zerg Zerg
  • League: Master
  • Spawn Location: 7:00

VOD

Have the link to the VOD?

Description

Time

  • Played on: Aug. 6, 2019, 9:04 a.m.
  • Length: 13:26
Show
View Real Time Build Order
Export as new Build Order

Mez Terran 

Build Orders: Reaper Expand 

Get SALT Encoding   

  12  0:00  SCV  
  13  0:13  SCV  
  14  0:18  Supply Depot  
  14  0:25  SCV  
  15  0:39  SCV  
  15  0:40  Barracks  
  16  0:45  Refinery  
  16  0:51  SCV  
  17  1:04  SCV  
  18  1:16  SCV  
  19  1:28  Reaper, Orbital Command  
  20  1:41  Command Center  
  20  1:52  Barracks  
  20  1:55  SCV  
  20  2:00  Barracks Reactor  
  21  2:06  Barracks  
  21  2:11  SCV  
  22  2:16  Supply Depot  
  22  2:35  SCV  
  22  2:39  Marine x2  
  22  2:41  Barracks Tech Lab  
  24  2:47  SCV  
  25  2:55  Orbital Command  
  25  2:56  Marine  
  25  2:57  Marine  
  25  2:58  Marine  
  28  3:01  Marine, Combat Shield  
  28  3:05  SCV  
  30  3:14  Marine  
  30  3:15  Marine x2  
  30  3:17  SCV  
  30  3:19  Marine  
  35  3:21  Supply Depot  
  35  3:33  Engineering Bay  
  35  3:35  Marine x3  
  35  3:36  SCV x2  
  35  3:37  Marine  
  41  3:44  Supply Depot  
  41  3:48  SCV x2  
  43  3:54  Marine x3  
  43  3:55  Marine  
  47  4:00  SCV x2  
  49  4:03  Terran Infantry Weapons Level 1  
  49  4:07  Supply Depot  
  49  4:12  SCV  
  49  4:13  SCV  
  49  4:15  Marine x3  
  54  4:17  Marine  
  54  4:20  Stimpack  
  55  4:24  SCV  
  56  4:35  Reaper  
  56  4:36  Command Center  
  57  4:39  SCV x2  
  57  4:44  Refinery  
  57  4:45  Marine x3  
  62  4:46  Refinery  
  62  4:54  SCV x2  
  64  5:01  Barracks  
  64  5:04  Barracks  
  64  5:06  SCV x2  
  66  5:12  Marine x4  
  70  5:20  Factory  
  70  5:30  Refinery  
  70  5:32  Supply Depot  
  70  5:33  Supply Depot x2  
  70  5:34  Barracks Reactor  
  70  5:48  SCV x2  
  72  5:56  Marine x2  
  74  5:58  Barracks Reactor  
  74  5:59  Barracks Reactor  
  74  6:00  SCV  
  74  6:01  Orbital Command  
  74  6:06  SCV  
  74  6:07  Terran Infantry Armor Level 1  
  74  6:09  Starport, Factory Reactor  
  75  6:12  SCV  
  75  6:13  Marine x3  
  75  6:14  Marine  
  75  6:16  Supply Depot  
  75  6:17  Supply Depot  
  80  6:18  Supply Depot  
  80  6:23  Marine  
  81  6:25  Orbital Command  
  81  6:31  Marine x3  
  81  6:32  Marine  
  85  6:40  SCV  
  85  6:41  SCV, Marine  
  85  6:44  Marine x3, Barracks  
  85  6:45  Barracks x2  
  91  6:52  SCV  
  92  6:57  Marine x4  
  96  7:02  SCV x2  
  96  7:07  Supply Depot  
  81  7:24  Marine  
  81  7:25  Marine x5, Medivac x2  
  81  7:27  SCV x3  
  81  7:37  Barracks Reactor  
  81  7:38  Barracks Reactor x2  
  81  7:39  SCV, Marine x2  
  81  7:42  Barracks  
  81  7:43  SCV x2  
  81  7:44  Barracks  
  81  7:46  Supply Depot  
  81  7:55  Marine  
  81  7:56  Marine x7, Medivac  
  81  7:57  Marine, Medivac  
  94  8:06  Supply Depot  
  94  8:07  Engineering Bay, Armory  
  94  8:11  SCV x3  
  97  8:12  Supply Depot  
  97  8:19  Marine x10  
  107  8:30  Supply Depot  
  107  8:32  Marine  
  107  8:33  Marine x4, Supply Depot  
  112  8:37  Marine x3  
  115  8:49  Marine x7  
  115  8:50  Marine, Medivac x2  
  115  8:51  Marine  
  123  9:13  Marine x10  
  123  9:14  Marine x5  
  137  9:20  Medivac x2  
  138  9:31  Marine x2  
  138  9:36  Marine  
  114  9:44  Marine x12, Supply Depot x2  
  114  9:45  Supply Depot  
  124  9:47  Barracks Tech Lab x2  
  116  10:09  Marine x14  
  116  10:13  Marauder x2  
  116  10:14  Marauder  
  136  10:16  Command Center  
  136  10:17  Terran Infantry Weapons Level 2  
  136  10:22  Terran Infantry Armor Level 2  
  136  10:25  Terran Vehicle And Ship Armor Level 1  
  134  10:34  Marine x6  
  134  10:35  Marine x2, Marauder x2  
  146  10:36  Missile Turret  
  146  10:38  Marine  
  146  10:41  Missile Turret  
  146  10:44  Missile Turret  
  146  10:45  Marine x3  
  149  10:57  Medivac x2  
  153  11:12  Marine x9  
  153  11:13  Marine x4, Marauder  
  153  11:14  Marauder x2  
  172  11:20  Marine  
  173  11:26  Supply Depot  
  173  11:28  Supply Depot  
  173  11:30  Marine x3  
  176  11:35  Marauder  
  178  11:49  Marine x7, Marauder x2  
  178  11:50  Marine x2  
  191  11:56  Marauder  
  108  12:17  Marine  
  108  12:18  Marine x16  
  103  12:31  Planetary Fortress  
  103  12:35  Marine x4  
  103  12:36  Marine x8  
  102  12:45  Marine  
  102  12:48  Marine  
  81  13:00  Marine x6  
Show
View Real Time Build Order
Export as new Build Order

TestingAcc Zerg - Winner!

Build Orders: Hatch First 

Get SALT Encoding   

  12  0:00  Drone  
  13  0:12  Overlord  
  13  0:17  Drone  
  14  0:31  Drone  
  14  0:32  Drone  
  14  0:34  Drone  
  17  0:52  Hatchery  
  17  0:55  Drone  
  17  0:57  Extractor  
  17  0:59  Drone  
  17  1:16  Drone, Spawning Pool  
  17  1:29  Drone  
  17  1:30  Drone  
  19  1:45  Overlord  
  19  2:07  Queen x2  
  19  2:08  Zergling x4  
  25  2:11  Drone  
  25  2:12  Drone, Metabolic Boost  
  27  2:34  Spore Crawler  
  27  2:37  Drone  
  27  2:40  Hatchery  
  27  2:46  Queen  
  29  2:52  Drone  
  29  2:53  Drone x3  
  33  3:13  Zergling x2  
  33  3:14  Zergling x4  
  33  3:17  Overlord  
  33  3:18  Overlord  
  36  3:32  Overlord  
  36  3:33  Overlord  
  36  3:35  Queen  
  36  3:37  Drone x3  
  41  3:44  Drone  
  42  3:48  Drone  
  42  3:52  Drone x4  
  47  3:58  Drone  
  47  3:59  Drone  
  47  4:00  Queen  
  51  4:07  Drone x4  
  55  4:11  Drone  
  55  4:12  Queen  
  58  4:20  Drone x3  
  58  4:22  Extractor  
  60  4:26  Drone x2  
  62  4:35  Zergling x6  
  65  4:41  Drone x2  
  65  4:42  Drone  
  68  4:51  Zergling x10  
  73  4:57  Overlord x2  
  73  5:11  Baneling Nest  
  72  5:20  Overlord x3  
  72  5:21  Overlord, Queen  
  72  5:22  Queen x2  
  72  5:24  Overlord  
  72  5:25  Drone x3  
  72  5:26  Zergling x2  
  82  5:32  Evolution Chamber  
  82  5:35  Evolution Chamber, Drone x2  
  82  5:38  Zergling x10  
  87  5:57  Zergling x2  
  87  5:58  Zergling x10  
  87  6:02  Zerg Ground Armor Level 1  
  87  6:03  Zerg Melee Weapons Level 1  
  93  6:04  Drone  
  93  6:05  Extractor  
  93  6:10  Drone x2  
  95  6:15  Drone  
  95  6:17  Lair  
  96  6:20  Zergling x4  
  96  6:21  Extractor  
  96  6:22  Extractor  
  96  6:28  Zergling x6  
  99  6:35  Drone x4  
  99  6:36  Drone x2  
  99  6:37  Drone  
  99  6:38  Drone x2  
  108  6:49  Zergling x6  
  111  7:12  Zergling x26  
  100  7:28  Zergling x12  
  94  7:40  Queen  
  94  7:42  Drone x4  
  100  7:59  Centrifical Hooks  
  100  8:00  Zerg Ground Armor Level 2  
  100  8:01  Zerg Melee Weapons Level 2  
  100  8:03  Zergling x14  
  100  8:04  Extractor  
  100  8:05  Overlord  
  106  8:09  Hatchery  
  106  8:11  Hatchery  
  105  8:17  Hatchery  
  104  8:20  Baneling x12  
  104  8:22  Zergling x14  
  109  8:48  Zergling x2  
  109  8:49  Zergling x20  
  109  8:50  Baneling x14  
  109  8:53  Spire  
  116  9:14  Spine Crawler  
  93  9:45  Overlord x6  
  93  9:46  Overlord  
  91  9:52  Infestation Pit  
  90  10:06  Mutalisk x7  
  90  10:07  Mutalisk x7  
  92  10:09  Zerg Flyer Weapons Level 1  
  118  10:16  Overseer  
  118  10:20  Zergling x2  
  118  10:21  Zergling x36  
  137  10:41  Baneling  
  137  10:42  Baneling x17  
  137  10:47  Zergling x2  
  137  10:48  Zergling x30  
  151  10:58  Overseer x2  
  151  10:59  Overlord  
  151  11:00  Overlord x3  
  151  11:02  Mutalisk x2  
  155  11:07  Hive  
  155  11:24  Zergling x34  
  172  11:26  Extractor  
  172  11:27  Extractor  
  170  11:44  Baneling x14  
  170  11:46  Baneling x6  
  170  11:47  Baneling x6  
  131  12:17  Zergling x36  
  131  12:18  Zergling x24  
  155  12:29  Baneling x2  
  153  12:30  Baneling x5  
  138  12:47  Zergling x8  
  138  12:48  Zergling x22  
Tags
 
Add a new tag
Caveats
  • Supply blocks, unpowered buildings, or Contaminate may cause inaccurate times.
  • Supply counts are checked every 10 seconds.